 Dungeon Crawl Stone Soup version 0.30-a0-358-g0d69a1922f (webtiles) character file.

Game seed: 8267631257748969278

32 holysushi the Slasher (level 3, -2/26 (27) HPs)
             Began as a Merfolk Gladiator on Nov 9, 2022.
             Succumbed to a goblin's poison
             ... on level 2 of the Dungeon.
             The game lasted 00:00:38 (636 turns).

holysushi the Slasher (Merfolk Gladiator)            Turns: 636, Time: 00:00:38

HP:   -2/26 (27)    AC:  4    Str: 14    XL:     3   Next: 27%
MP:   3/3           EV: 13    Int:  7    God:
Gold: 25            SH:  0    Dex: 17    Spells: 2/2 levels left

rFire   . . .      SeeInvis .    a - +0 long sword
rCold   . . .      Faith    .    (no shield)
rNeg    . . .      Spirit   .    b - +0 leather armour
rPois   .          Reflect  .    c - +0 helmet
rElec   .          Harm     .    (no cloak)
rCorr   .          Rampage  .    (no gloves)
Will    .....                    (no boots)
Stlth   +.........               (no amulet)
HPRegen 0.24/turn                (no ring)
MPRegen 0.08/turn                (no ring)

@: lethally poisoned (-2 -> -15), lightly drained
A: (nimble swimmer 2), mertail
a: no special abilities


You were on level 2 of the Dungeon.
You visited 1 branch of the dungeon, and saw 2 of its levels.

You collected 25 gold pieces.

Inventory:

Hand Weapons
 a - a +0 long sword (weapon)
Missiles
 d - 3 throwing nets (quivered)
 e - a javelin
Armour
 b - a +0 leather armour (worn)
 c - a +0 helmet (worn)
Jewellery
 h - a +4 ring of evasion
Scrolls
 f - 2 scrolls of identify {unknown}
 g - a scroll of poison {unknown}
Potions
 j - a potion of curing {unknown}


   Skills:
 - Level 2.1 Fighting
 + Level 5.2 Long Blades
 - Level 2.0 Throwing
 - Level 4.0 Dodging


You had 2 spell levels left.
You didn't know any spells.
Your spell library contained the following spells:

 Spells                   Type           Power      Damage    Failure   Level
 Ignite Poison            Fire/Tmut/Pois 0%         N/A       87%         3
 Kindle Blastsparks       Fire/Tloc/Air  0%         2d10      87%         3
 Freezing Cloud           Conj/Ice/Air   0%         6-21      100%        5


Dungeon Overview and Level Annotations

Branches:
Dungeon (2/15) Zot: 11354

Altars:


Innate Abilities, Weirdness & Mutations

((You are very nimble when in or above water. (Stealth+, EV+, Speed+++)))
Your lower body shifts to a powerful aquatic tail in water.


Message History

A giant cockroach comes into view.
A rat comes into view.
The ball python bites you but does no damage.
The ball python misses you.
You hit the kobold.
You kill the kobold!
A jackal comes into view.
The ball python misses you. x2
You slash the jackal!
You kill the jackal!
A hobgoblin comes into view.
The ball python barely misses you. The ball python closely misses you.
The ball python closely misses you. The ball python barely misses you.
There is a stone staircase leading down here.
You slash the ball python!
You kill the ball python!
The goblin hits you with a +2 dagger of venom.
You are poisoned.
A ball python comes into view.
The kobold closely misses you.
The goblin hits you with a +2 dagger of venom.
You are lethally poisoned!
You closely miss the kobold.
You feel very sick. The kobold hits you but does no damage.
You feel drained. The goblin closely misses you.
You slash the kobold!
You kill the kobold!
You feel very sick. The goblin closely misses you.
You are too injured to fight recklessly!
You feel sick.
The goblin hits you with a +2 dagger of venom.
You are more poisoned.
The hobgoblin misses you.
You climb downwards.
* * * LOW HITPOINT WARNING * * *
You feel extremely sick.
There is a stone staircase leading up here.
It was a potion of cancellation.
You feel magically purged.
You die...

#.##.# #.#
#).....
#(#
#.##.###
#.# #.# #
#.######.#
..#
#.......#
#.######.#
#.#
#####.#
#..g@g#
#.#####
#.# #.#
#.# #.#
#.# #.#
#)#


You could see a hobgoblin and a goblin.

Vanquished Creatures
  An adder (D:2)
  4 goblins
  A jackal (D:1)
  6 kobolds
  7 ball pythons
  3 bats
  2 rats (D:1)
24 creatures vanquished.

Notes
Turn   | Place    | Note
-------+----------+-------------------------------------------
     0 | D:1      | holysushi the Merfolk Gladiator began the quest for the
                  | Orb.
     0 | D:1      | Reached XP level 1. HP: 16/16 MP: 1/1
    46 | D:1      | Reached skill level 4 in Long Blades
   122 | D:1      | Reached XP level 2. HP: 17/22 MP: 2/2
   431 | D:1      | You fall into a shaft and drop 1 floor!
   467 | D:2      | Reached skill level 5 in Long Blades
   467 | D:2      | Reached XP level 3. HP: 20/27 MP: 3/3
   635 | D:2      | HP: 1/26 [poisoned by a goblin]
   636 | D:2      | Succumbed to a goblin's poison

Illustrated notes

Levels and vault maps discovered:
D:1:      tarquinn_simple_flora_water_c, layout_loops_ring, serial_aquarium,
          aquarium_bridge_straight [aquarium_subvault_bridge,
          aquarium_subvault_wall, aquarium_subvault_bridge,
          aquarium_subvault_window], aquarium_bridge_square
          [aquarium_subvault_wall, aquarium_subvault_bridge,
          aquarium_subvault_wall, aquarium_subvault_bridge], aquarium_window_2,
          aquarium_window_1, aquarium_window_corridor_1, aquarium_view_2a,
          aquarium_balcony_3a, minmay_pentomino_w4
D:2:      minmay_diamond_boxcup, layout_loops_ring

Skill      XL: |  1  2 |
---------------+-------+-----
Long Blades    | 4 5 |  5.2
Fighting       | |  2.1
Throwing       | |  2.0
Dodging        | |  4.0

Action                   || total
-------------------------++-------
Melee: Long sword        ||    63
  Use: Potion            ||     1
Armor: Leather armour    ||    34
Dodge: Dodged            ||    57

Table legend: (Time is in decaauts)
 A = Elapsed time spent in this place.
 B = Non-inter-level travel time spent in this place.
 C = Inter-level travel time spent in this place.
 D = Time resting spent in this place.
 E = Time spent auto-exploring this place.
 F = Levels seen in this place.
 G = Mean time per level.
                   A        B        C        D        E       F      G
               +--------+--------+--------+--------+--------+-----+--------+
         Total |    645 |    620 |     25 |     36 |    417 |   2 |  322.5 |
       Dungeon |    645 |    620 |     25 |     36 |    417 |   2 |  322.5 |
               +--------+--------+--------+--------+--------+-----+--------+

Top non-repeatable levels by time:
     D:1: 447 daAuts
     D:2: 198 daAuts
